 Dungeon Crawl Stone Soup version 0.30-b1-2-g02819fbbbe (webtiles) character file.

Game seed: 12138914090857924378

25 joinst the Gusty (level 2, -1/20 HPs)
             Began as a Draconian Air Elementalist on Oct 23, 2023.
             Slain by a gnoll
             ... wielding a +0 flail
              (8 damage)
             ... on level 2 of the Dungeon.
             The game lasted 00:15:57 (1189 turns).

joinst the Gusty (Draconian Air Elementalist)       Turns: 1189, Time: 00:15:58

Health: -1/20      AC:  4    Str: 10    XL:     2   Next: 86%
Magic:  1/5        EV: 12    Int: 21    God:
Gold:   74         SH:  0    Dex: 11    Spells: 4/5 levels left

rFire   . . .        f - staff of earth
rCold   . . .        (no shield)
rNeg    . . .        (body armour unavailable)
rPois   .            (helmet restricted)
rElec   .            (no cloak)
rCorr   .            (no gloves)
SInv    .            (no boots)
Will    .....        (no amulet)
Stlth   ++           e - +6 ring of intelligence
HPRegen 0.23/turn    (no ring)
MPRegen 0.09/turn

%: no passive effects
@: no status effects
A: AC +4, unfitting armour, cold-blooded
a: no special abilities


You were on level 2 of the Dungeon.
You visited 1 branch of the dungeon, and saw 2 of its levels.

You collected 74 gold pieces.

Inventory:

Hand Weapons
 b - a +0 mace
 d - a +0 club
 g - a +0 dagger
Armour
 c - a +1 robe
 h - a +0 chain mail
 j - a +0 robe
Magical Staves
 f - a staff of earth (weapon)
Jewellery
 e - a +6 ring of intelligence (left hand)
Potions
 a - a potion of magic
 i - a potion of curing {unknown}


   Skills:
 + Level 0.6 Staves
 + Level 2.0 Dodging
 + Level 2.0 Stealth
 + Level 0.4 Unarmed Combat
 + Level 2.2 Spellcasting
 + Level 1.0 Conjurations
 + Level 3.3 Air Magic


You had 4 spell levels left.
You knew the following spells:

 Your Spells              Type           Power      Damage    Failure   Level
a - Shock                 Conj/Air       44%        1d5       6%          1

Your spell library contained the following spells:

 Spells                   Type           Power      Damage    Failure   Level
 Static Discharge         Conj/Air       22%        2-3/arc   9%          2
 Poisonous Vapours        Pois/Air       18%        N/A       11%         2
 Swiftness                Air            16%        N/A       11%         3
 Mephitic Cloud           Conj/Pois/Air  8%         N/A       24%         3
 Airstrike                Air            8%         2d(2-18)  34%         4
 Freezing Cloud           Conj/Ice/Air   4%         6-21      91%         5


Dungeon Overview and Level Annotations

Branches:
Dungeon (2/15)

Altars:


Innate Abilities, Weirdness & Mutations

Your plain brown scales are hard. (AC +4)
You cannot fit into any form of body armour.
You are cold-blooded and may be slowed by cold attacks.


Message History

Aim: a gnoll, wielding a +0 whip and quivering a throwing net (72% to hit)
The zap hits the goblin.
You kill the goblin!
The zap hits the gnoll.
The gnoll is moderately wounded.
The zap hits the ball python.
You kill the ball python!
The zap misses the gnoll.
Casting: Shock (safe; 6% risk of failure)
Confirm with . or Enter, or press ? or * to list all spells.
Aiming: Shock (safe; 6% risk of failure)
Press: ? - help, Shift-Dir - straight line, f/p - gnoll
Aim: a gnoll, wielding a +0 whip and quivering a throwing net (72% to hit)
You miscast Shock.
You are very lightly contaminated with residual magic.
Nothing appears to happen.
A hobgoblin comes into view.
Press: ? - help, v - describe, . - travel The floor.
Casting: Shock (safe; 6% risk of failure)
Confirm with . or Enter, or press ? or * to list all spells.
You don't know that spell.
A gnoll comes into view. It is wielding a +0 club.
The gnoll shouts!
The gnoll closely misses you.
You see here a +0 dagger.
The gnoll hits you with a +0 flail. The gnoll attacks as you move away!
The gnoll barely misses you. The gnoll closely misses you.
The gnoll attacks as you move away!
The gnoll hits you but does no damage. x2
The gnoll attacks as you move away! The gnoll hits you with a +0 whip!
Your magical contamination has completely faded away.
Aiming: Shock (safe; 6% risk of failure)
Press: ? - help, Q - select action Shift-Dir - straight line, f/p - gnoll
Aim: a gnoll, wielding a +0 whip and quivering a throwing net (72% to hit)
The zap hits the gnoll.
The gnoll is severely wounded.
The zap hits the gnoll but does no damage.
The gnoll hits you with a +0 flail!
You die...

# .# ### .. #####
#####.. . ...## #......
#. #..###### #...### #.#
#.......###..##
#..#####.......#....#
...##...gg@......)...###
#....?.###.........##
######)# ###.....### #.#
#.....# .†. #...###
..... .....#
............#
####.######... #.# .##.


You could see 2 gnolls.

Vanquished Creatures
  2 dart slugs (D:1)
  A ball python (D:2)
  An endoplasm (D:1)
  2 goblins
  3 hobgoblins
  3 jackals (D:1)
  A bat (D:1)
  3 frilled lizards (D:2)
  3 kobolds
  2 rats (D:1)
21 creatures vanquished.

Notes
Turn   | Place    | Note
-------+----------+-------------------------------------------
     0 | D:1      | joinst the Draconian Air Elementalist began the quest for
                  | the Orb.
     0 | D:1      | Reached XP level 1. HP: 14/14 MP: 3/3
    90 | D:1      | Identified a scroll of acquirement
    90 | D:1      | Acquired a book of Vapours
   359 | D:1      | Reached XP level 2. HP: 18/20 MP: 5/5
  1189 | D:2      | Slain by a gnoll

Illustrated notes

Levels and vault maps discovered:
D:1:      wander_arrival_abandoned_jail, layout_loops_ring, minmay_box_of_dots
D:2:      layout_rooms, shapermc_ecumenical_altar_petra, basic_altar,
          serial_shops, shop, uniq_terence, uniq_sigmund, uniq_robin

Skill      XL: |  1  2 |
---------------+-------+-----
Dodging        | 2 |  2.0
Stealth        | 2 |  2.0
Staves         | |  0.6
Unarmed Combat | |  0.4
Spellcasting   | |  2.2
Conjurations   | |  1.0
Air Magic      | |  3.3

Action                     || total
---------------------------++-------
  Melee: Unarmed           ||    20
         Staff             ||    35
         Tailslap          ||     4
         Mace              ||     1
         Punch             ||     1
   Cast: Shock             ||    16
    Use: Scroll            ||     9
 Armour: Skin              ||    25
  Dodge: Dodged            ||    42
